 Dungeon Crawl Stone Soup version 0.20.1-1-g8b1a95d (webtiles) character file.

8432 Folque the Destroyer (level 11, 0/64 HPs)
             Began as an Octopode Wizard on Nov 8, 2017.
             Was a High Priest of Sif Muna.
             Slain by a killer bee (8 damage)
             ... on level 10 of the Dungeon.
             The game lasted 01:31:30 (14131 turns).

Folque the Destroyer (Octopode Wizard)             Turns: 14131, Time: 01:31:31

Health: 0/64       AC:  1    Str:  6    XL:     11   Next: 30%
Magic:  13/24      EV: 13    Int: 24    God:    Sif Muna [*****.]
Gold:   483        SH:  0    Dex: 11    Spells: 16/28 levels left

rFire    . . .     SeeInvis .   w - +1 scimitar (flame)
rCold    . . .     Gourm    .   (no shield)
rNeg     . . .     Faith    .   a - +0 hat
rPois    .         Spirit   .   (no amulet)
rElec    .         Reflect  .   e - ring of resist corrosion
rCorr    +         Harm     .   (no ring)
MR       .....                  (no ring)
Stlth    +++.......             (no ring)
Regen    0.2/turn               (no ring)
MPRegen  0.2/turn               (no ring)
                                (no ring)
                                (no ring)

@: lethally poisoned (0 -> -6), divine energy
A: almost no armour, stealthy swim, amphibious, 8 rings, constrict 8, camouflage
1, gelatinous body 1
a: Stop Divine Energy, Channel Magic, Forget Spell, Renounce Religion


You were on level 10 of the Dungeon.
You worshipped Sif Muna.
Sif Muna was extremely pleased with you.
You were very hungry.

You visited 2 branches of the dungeon, and saw 11 of its levels.

You collected 483 gold pieces.

Inventory:

Hand Weapons
 m - a +0 dagger of speed
 n - a +0 spear
 q - a +0 long sword
 t - a +2 rapier of draining
 w - a +1 scimitar of flaming (weapon)
 C - a +0 hand crossbow
Missiles
 H - 48 bolts
 J - 8 silver tomahawks (quivered)
Armour
 a - a +0 hat (worn)
 p - a +0 buckler
Jewellery
 e - a ring of resist corrosion (left tentacle)
Wands
 x - a wand of enslavement (4/24)
 D - a wand of iceblast (0/15)
 F - a wand of polymorph (11/24)
Scrolls
 h - 3 scrolls of teleportation
 i - 2 scrolls of amnesia {unknown}
 j - 6 scrolls of identify
 k - a scroll of magic mapping
 r - a scroll of silence {unknown}
 u - 6 scrolls of remove curse
 y - a scroll of recharging {unknown}
Potions
 f - a potion of flight
 g - 4 potions of lignification
 l - 6 potions of curing
 o - 4 potions of might
 v - a potion of mutation {unknown}
 z - a potion of brilliance {unknown}
 A - 2 potions of magic {unknown}
 E - a potion of resistance {unknown}
Books
 b - a book of Minor Magic

   Spells                             Type                      Level
   a - Magic Dart                     Conjuration                  1
   b - Blink                          Translocation                2
   c - Call Imp                       Summoning                    2
   d - Slow                           Hexes                        2
   e - Conjure Flame                  Conjuration/Fire             3
   f - Mephitic Cloud                 Conjuration/Poison/Air       3
 s - a book of Necromancy

   Spells                             Type                      Level
   a - Pain                           Necromancy                   1
   b - Animate Skeleton               Necromancy                   1
   c - Vampiric Draining              Necromancy                   3
   d - Regeneration                   Charms/Necromancy            3
   e - Animate Dead                   Necromancy                   4
   f - Control Undead                 Necromancy                   4
 B - a book of Changes

   Spells                             Type                      Level
   a - Beastly Appendage              Transmutation                1
   b - Sticks to Snakes               Transmutation                2
   c - Spider Form                    Transmutation/Poison         3
   d - Ice Form                       Ice/Transmutation            4
   e - Blade Hands                    Transmutation                5
 I - a book of Party Tricks

   Spells                             Type                      Level
   a - Summon Butterflies             Summoning                    1
   b - Apportation                    Translocation                1
   c - Lesser Beckoning               Translocation                3
   d - Tukima's Dance                 Hexes                        3
   e - Alistair's Intoxication        Transmutation/Poison         5
   f - Invisibility                   Hexes                        6
Comestibles
 c - 4 bread rations
 d - 2 royal jellies
 G - 5 fruits


   Skills:
 - Level 2.1 Fighting
 - Level 2.0 Dodging
 - Level 2.6 Stealth
 + Level 9.2 Spellcasting
 - Level 11.2 Conjurations
 - Level 3.0 Charms
 * Level 5.2 Summonings
 - Level 3.0 Necromancy
 - Level 1.0 Translocations
 - Level 3.1 Poison Magic
 - Level 4.6 Invocations


You had 16 spell levels left.
You knew the following spells:

 Your Spells              Type           Power        Failure   Level  Hunger
a - Magic Dart            Conj           ####         1%          1    None
b - Call Imp              Summ           #####...     1%          2    None
c - Blink                 Tloc           N/A          5%          2    None
d - Mephitic Cloud        Conj/Pois/Air  ####....     2%          3    None
e - Pain                  Necr           ####         1%          1    None
f - Regeneration          Chrm/Necr      ####......   4%          3    None


Dungeon Overview and Level Annotations

Branches:
Dungeon (10/15)            Temple (1/1) D:6             Orc (0/2) D:10
   Lair: D:8-11

Altars:
Ashenzari
Cheibriados
Dithmenos
Elyvilon
Fedhas
Gozag
Hepliaklqana
Kikubaaqudgha
Makhleb
Nemelex Xobeh
Okawaru
Qazlal
Ru
Sif Muna
Trog
Uskayaw
Vehumet
Xom
Yredelemnul
Zin
The Shining One


Innate Abilities, Weirdness & Mutations

You cannot wear most types of armour.
You are very stealthy in the water. (Stealth+)
You are amphibious.
You can wear up to eight rings at the same time.
You can use your tentacles to constrict eight enemies at once.
Your skin changes colour to match your surroundings (Stealth+).
Your rubbery body absorbs attacks. (AC +1, EV +1)


Message History

You release your grip on the killer bee.
The killer bee misses you.
You riposte.
You hit the killer bee. You burn the killer bee.
Your grab misses the killer bee.
The killer bee is heavily wounded.
The killer bee misses you.
The killer bee barely misses itself.
The killer bee stings you.
* * * LOW HITPOINT WARNING * * *
You are poisoned.
The killer bee poisons you! The killer bee stings you.
* * * LOW HITPOINT WARNING * * *
Casting: Blink
Confirm with . or Enter, or press ? or * to list all spells.
You blink.
You feel sick. The killer bee stings you.
* * * LOW HITPOINT WARNING * * *
The killer bee closely misses you.
You riposte.
You slash the killer bee! You burn the killer bee.
You kill the killer bee!
Sif Muna accepts your kill. The killer bee stings you!
You die...

#.# #..'........ # #y#
#..#....... .. ## #.#
#..#.....# ... #.
#.#####..#....§##... ##.
#........#..........##.#
#........#..........#..#
#........#..........##5#
#........#.......... #5.
#.y..y.@.#.....#########
#......†y###'###....# #
#.###....§..........# #
#.# #............#### ##
#.###...............# #.
#...................###.
#.......................
#.......................
#.......................


You could see 3 killer bees.

Vanquished Creatures
  Erica (D:8)
  2 two-headed ogres (D:10)
  The ghost of Schiappus the Cleaver, a novice TrBe of Trog (D:8)
  Psyche (D:8)
  A troll (D:9)
  A hornet (D:8)
  3 hippogriffs
  9 yaks
  A wraith (D:10)
  A hungry ghost (D:10)
  3 orc warriors
  An ice beast (D:10)
  A necrophage (D:10)
  A black bear (D:6)
  5 ogres
  2 phantoms (D:10)
  4 centaurs
  A wolf (D:9)
  Blork the orc (D:4)
  A big kobold (D:10)
  A bullfrog (D:7)
  2 scorpions (D:9)
  A wight (D:8)
  6 killer bees
  2 howler monkeys
  An electric eel (D:9)
  2 crimson imps
  2 orc priests
  4 bullfrog skeletons
  4 hounds
  11 orc wizards
  A centaur skeleton (D:5)
  7 worker ants
  4 ogre zombies (D:10)
  2 hound zombies
  A hound skeleton (D:4)
  3 gnolls (D:8)
  3 adders
  4 shadow imps
  An ooze (D:6)
  2 adder skeletons
  2 adder zombies
  3 dart slugs
  4 leopard geckos
  26 orcs
  8 bats
  2 giant cockroaches
  3 goblins
  3 hobgoblins
  3 jackals (D:2)
  5 quokkas
  A ball python (D:2)
  2 frilled lizards
  4 goblin zombies (D:10)
  2 hobgoblin skeletons (D:10)
  A hobgoblin zombie (D:10)
  7 kobolds
  A leopard gecko skeleton (D:4)
  An orc skeleton (D:10)
  7 orc zombies (D:10)
  A quokka zombie (D:5)
  7 rats
198 creatures vanquished.

Vanquished Creatures (collateral kills)
  An orc warrior (D:6)
  An ice beast (D:8)
  A black bear (D:9)
  3 centaurs
  2 bullfrogs
  A scorpion (D:9)
  A troll zombie (D:10)
  A killer bee (D:7)
  2 wights (D:7)
  A centaur skeleton (D:9)
  2 iguanas
  An ogre zombie (D:10)
  4 adders
  A shadow imp (D:6)
  An ooze (D:3)
  3 worms
  2 orcs
  A giant cockroach (D:7)
  A hobgoblin (D:1)
  A quokka (D:5)
  A bat (D:1)
  4 kobolds
  A leopard gecko skeleton (D:4)
  An orc zombie (D:10)
38 creatures vanquished.

Grand Total: 236 creatures vanquished

Notes
Turn   | Place    | Note
-------+----------+-------------------------------------------
     0 | D:1      | Folque the Octopode Wizard began the quest for the Orb.
     0 | D:1      | Reached XP level 1. HP: 11/11 MP: 4/4
    35 | D:1      | Reached skill level 1 in Fighting
   118 | D:1      | Reached XP level 2. HP: 15/18 MP: 6/6
   122 | D:1      | Learned a level 2 spell: Call Imp
   125 | D:1      | Learned a level 2 spell: Blink
   956 | D:1      | Reached XP level 3. HP: 17/24 MP: 2/7
  1012 | D:1      | Learned a level 3 spell: Mephitic Cloud
  1543 | D:2      | Found a snail-covered altar of Cheibriados.
  1635 | D:2      | Found a sacrificial altar of Ru.
  1950 | D:2      | Reached skill level 1 in Poison Magic
  2315 | D:3      | Found a glowing golden altar of the Shining One.
  2321 | D:3      | Reached XP level 4. HP: 19/29 MP: 1/9
  2795 | D:3      | Found a shimmering altar of Xom.
  2982 | D:4      | Noticed Blork the orc
  3016 | D:4      | Killed Blork the orc
  3016 | D:4      | Reached skill level 2 in Conjurations
  3016 | D:4      | Reached XP level 5. HP: 29/34 MP: 7/10
  3059 | D:4      | Noticed an ogre
  3065 | D:4      | Noticed a phantom
  3074 | D:4      | Killed an ogre
  3107 | D:4      | Reached skill level 3 in Conjurations
  3107 | D:4      | Reached XP level 6. HP: 5/39 MP: 0/12
  3923 | D:5      | Entered Level 5 of the Dungeon
  4051 | D:5      | Reached skill level 4 in Conjurations
  4624 | D:5      | Reached XP level 7. HP: 12/45 MP: 10/14
  4974 | D:6      | Reached skill level 5 in Conjurations
  5520 | D:6      | Reached skill level 5 in Spellcasting
  6007 | D:6      | Found a staircase to the Ecumenical Temple.
  6029 | Temple   | Entered the Ecumenical Temple
  6040 | Temple   | Became a worshipper of Sif Muna the Loreminder
  6221 | D:6      | Reached skill level 6 in Conjurations
  6224 | D:6      | Reached XP level 8. HP: 46/50 MP: 6/15
  6424 | D:6      | Learned a level 1 spell: Pain
  6463 | D:6      | Found a shadowy altar of Dithmenos.
  6466 | D:6      | Found a hazy altar of Hepliaklqana.
  6469 | D:6      | Found a shattered altar of Ashenzari.
  6892 | D:6      | Reached skill level 7 in Conjurations
  7006 | D:7      | Reached * piety under Sif Muna
  7026 | D:7      | Reached skill level 1 in Necromancy
  7536 | D:7      | Noticed a hippogriff
  7583 | D:7      | Killed a hippogriff
  7583 | D:7      | Reached skill level 8 in Conjurations
  7784 | D:6      | Reached ** piety under Sif Muna
  7811 | D:6      | Reached XP level 9. HP: 33/54 MP: 13/18
  7959 | D:7      | Found a white marble altar of Elyvilon.
  7998 | D:7      | Found an ancient bone altar of Kikubaaqudgha.
  8189 | D:8      | Noticed Psyche
  8227 | D:8      | Killed Psyche
  8242 | D:8      | Learned a level 3 spell: Regeneration
  8250 | D:8      | Noticed Erica
  8381 | D:7      | Reached skill level 9 in Conjurations
  8405 | D:8      | Noticed Schiappus's ghost (novice TrBe)
  8426 | D:7      | Reached skill level 1 in Charms
  8641 | D:8      | Reached skill level 1 in Invocations
  8653 | D:8      | Killed Erica
  8853 | D:8      | Noticed a hornet
  9061 | D:8      | Reached *** piety under Sif Muna
  9065 | D:8      | HP: 1/54 [shadow imp/nerve-wracking pain (14)]
  9287 | D:7      | Reached XP level 10. HP: 36/60 MP: 13/20
 10270 | D:8      | Killed Schiappus's ghost
 10469 | D:9      | Found a radiant altar of Vehumet.
 10620 | D:9      | Found a sparkling altar of Nemelex Xobeh.
 10647 | D:9      | Reached skill level 10 in Conjurations
 11570 | D:10     | Entered Level 10 of the Dungeon
 11653 | D:10     | Noticed a two-headed ogre
 11674 | D:10     | Killed a two-headed ogre
 11674 | D:10     | Reached skill level 11 in Conjurations
 11680 | D:10     | Reached **** piety under Sif Muna
 12142 | D:8      | Reached XP level 11. HP: 51/64 MP: 0/23
 12558 | D:10     | Noticed a two-headed ogre
 12626 | D:10     | Killed a two-headed ogre
 13288 | D:10     | Found a staircase to the Orcish Mines.
 13597 | D:10     | Reached ***** piety under Sif Muna
 13791 | D:10     | Reached skill level 5 in Summonings
 14131 | D:10     | Slain by a killer bee

Skill      XL: |  1  2  3  4  5  6  7  8  9 10 11 |
---------------+----------------------------------+-----
Fighting       | 1 2 |  2.1
Poison Magic   | 1 3 |  3.1
Conjurations   | 2 3 4 6 8 9 11 | 11.2
Spellcasting   | 4 5 6 7 8 9 |  9.2
Necromancy     | 2 3 |  3.0
Charms         | 2 3 |  3.0
Invocations    | 4 |  4.6
Summonings     | 2 5 |  5.2
Dodging        | |  2.0
Stealth        | |  2.6
Translocations | |  1.0

Action                   |  1- 3 |  4- 6 |  7- 9 | 10-12 || total
-------------------------+-------+-------+-------+-------++-------
Melee: Unarmed           |    14 |       |       |       ||    14
       Constrict         |    25 |    16 |    49 |    40 ||   130
       Mace              |    62 |       |       |       ||    62
       Tentacles         |     8 |     7 |    27 |    36 ||    78
       Long sword        |    15 |    20 |    30 |       ||    65
       Rapier            |       |    52 |   131 |       ||   183
       Spear             |       |     6 |       |       ||     6
       Scimitar          |       |       |    11 |   230 ||   241
Throw: Tomahawk          |       |       |       |     5 ||     5
 Cast: Magic Dart        |    10 |     3 |    10 |    24 ||    47
       Call Imp          |    14 |    21 |    58 |   104 ||   197
       Blink             |     2 |     1 |    20 |    50 ||    73
       Mephitic Cloud    |       |     5 |    59 |    62 ||   126
       Pain              |       |       |    20 |    90 ||   110
       Regeneration      |       |       |     3 |    12 ||    15
Invok: Divine Energy     |       |       |     1 |       ||     1
       Channel Magic     |       |       |       |     4 ||     4
Evoke: Wand              |       |       |     2 |     5 ||     7
  Use: Scroll            |     6 |     5 |     1 |       ||    12
       Potion            |     1 |       |       |     2 ||     3
 Stab: Sleeping          |    10 |     5 |     2 |       ||    17
       Confused          |       |     6 |    16 |    19 ||    41
       Distracted        |       |       |       |     2 ||     2
  Eat: Chunk             |     5 |     3 |    10 |    10 ||    28
       Bread ration      |       |     1 |       |     2 ||     3
       Meat ration       |       |       |     1 |     1 ||     2
       Fruit             |       |       |       |     1 ||     1
Armor: Skin              |     7 |     4 |     5 |     5 ||    21
Dodge: Dodged            |    76 |    44 |    87 |   123 ||   330
       Rpst.: Long sword |     1 |     2 |     4 |       ||     7
       Scimitar          |       |       |     1 |    38 ||    39
